Cogmind - Beta 17 @@@ ROGUE MODE // 2026.07.05 @ 16:40:09 Player: chai Result: Destroyed by JU-X8K(R) with Subdweller Laser Performance ------------- Evolutions (0) 0 Regions Visited (3) 600 Robots Destroyed (13) 65 Value Destroyed (254) 254 Prototype IDs (0) 0 Alien Tech Used (0) 0 Bonus (0) 0 TOTAL SCORE: 919 Bonus ------- None Cogmind --------- Core Integrity 0/250 Matter 292/300 Energy 100/100 System Corruption 3% Temperature Cool (6) Movement Rolling (100) Location -10/Subcaves Parts ------- > --- POWER (1) -------- (None) > --- PROPULSION (2) --- Compact Wheel > --- UTILITY (2) ------ Medium Storage Unit > --- WEAPON (2) ------- Hammer > --- INVENTORY (10) --- Subdweller Power Source Compact Wheel Subdweller Monowheel Medium Matter Pod (100) Subdweller Optics Signal Interpreter Subdweller Beam Cannon Light Assault Rifle Light Cannon Grenade Launcher Peak State ------------ > --- POWER ------------ Light Ion Engine > --- PROPULSION ------- Light Treads Compact Wheel > --- UTILITY ---------- Medium Storage Unit > --- WEAPON ----------- Bore Cannon Rocket Launcher > --- INVENTORY -------- Light Treads Wheel EM Pulse Gun Small Laser Small Laser Grenade Launcher [Rating: 11] Favorites ----------- Power Light Ion Engine Engine Light Ion Engine Propulsion Compact Wheel Treads Light Treads Wheel Compact Wheel Utility Medium Storage Unit Storage Medium Storage Unit Processor Targeting Computer Weapon Hammer Energy Gun EM Pulse Gun Ballistic Cannon Bore Cannon Launcher Rocket Launcher Impact Weapon Hammer Build | -11 -10 -10 -10 ------- Run | Yrd Mat Min Sub Slots Evolved . | . . . . Power . | . . . . Propulsion . | . . . . Utility . | . . . . Weapon . | . . . . Parts Attached 16 | 6 2 8 . Power 4 | 1 1 2 . Engine 4 | 1 1 2 . Core . | . . . . Reactor . | . . . . Propulsion 3 | 2 . 1 . Treads 2 | 1 . 1 . Leg . | . . . . Wheel 1 | 1 . . . Hover . | . . . . Flight . | . . . . Utility 3 | 1 1 1 . Device . | . . . . Storage 2 | 1 1 . . Processor 1 | . . 1 . Hackware . | . . . . Protection . | . . . . Artifact . | . . . . Weapon 6 | 2 . 4 . Energy Gun 2 | 2 . . . Energy Cannon . | . . . . Ballistic Gun . | . . . . Ballistic Cannon 1 | . . 1 . Launcher 2 | . . 2 . Special Weapon . | . . . . Impact Weapon 1 | . . 1 . Slashing Weapon . | . . . . Piercing Weapon . | . . . . Special Melee Weapon . | . . . . Unidentified Prototypes . | . . . . Parts Lost 7 | . . 3 4 Power 2 | . . 1 1 Propulsion 2 | . . 1 1 Utility 1 | . . . 1 Weapon 2 | . . 1 1 Highest Loss Streak 3 | . . 2 3 To Critical Strikes . | . . . . Average Backups 7 | 1 5 7 9 Power . | . . . 1 Propulsion 2 | 1 2 2 2 Utility 1 | . . . 2 Weapon 3 | . 2 4 4 Tool/Special . | . . . . Unused Backups 14 | . . 3 11 Power 2 | . . . 2 Propulsion 3 | . . . 3 Utility 4 | . . 1 3 Weapon 5 | . . 2 3 Tool/Special . | . . . . Average Slot Usage (%) 91 | . 84 93 85 Engine 13 | . 14 13 13 Treads 14 | . 14 14 14 Wheel 14 | . 14 14 14 Storage 14 | . 14 14 14 Processor 9 | . . 8 13 Energy Gun 10 | . 27 11 2 Ballistic Cannon 2 | . . 3 . Launcher 5 | . . 8 . Impact Weapon 6 | . . 3 14 Peak Build Rating 11 | 6 7 11 8 Average Rating 7 | 5 5 8 7 On Entrance 5 | . 6 6 8 Avg Prop Armor Cover (%) 9 | 3 10 9 10 Naked Turns . | . . . . Heaviest Build 26 | 11 16 26 16 Greatest Support 20 | 20 20 20 20 Greatest Overweight (x) 1 | . . 1 . Average Overweight (x) . | . . . . Largest Inventory Capacity 10 | 8 10 10 10 Average Capacity 9 | 7 8 10 10 Most Carried 10 | 3 6 10 10 Average Carried 7 | 1 5 7 9 Final Capacity 10 | 8 10 10 10 Final Carried 10 | 3 6 9 10 Class Distribution -------------------- 100% | Mutant Dominant Class ---------------- Mutant | -10/Materials Mutant | -10/Mines Mutant | -10/Subcaves Resources | -11 -10 -10 -10 ----------- Run | Yrd Mat Min Sub Matter Collected 699 | 222 48 429 . Remotely . | . . . . Salvage Created 362 | . 76 216 70 Parts 24 | . 8 11 5 Haulers Intercepted . | . . . . Recyclers Shooed . | . . . . Parts Field Recycled . | . . . . Retrieved Matter . | . . . . Parts Self-Destructed 5 | . . . 5 Prevented . | . . . . Parts Restored . | . . . . Kills | -11 -10 -10 -10 ------- Run | Yrd Mat Min Sub Combat Hostiles Destroyed 17 | . 4 11 2 Melee 4 | . . 2 2 Guns 9 | . 4 5 . AOE 4 | . . 4 . Classes Destroyed 6 | . 1 4 1 Tunneler 1 | . . 1 . Recycler 1 | . . 1 . Swarmer 7 | . 4 3 . Grunt 2 | . . 2 . Subdweller 2 | . . . 2 Assembled 6 | . . 6 . Best Kill Streak 4 | . 3 4 2 Combat Bots Only 4 | . 3 4 2 Max Kills in Single Turn 2 | . 1 2 1 Gunslinging . | . . . . Exploded 2 | . . 2 . Melee 1 | . . 1 1 Uniques/NPCs Destroyed . | . . . . Combat | -11 -10 -10 -10 -------- Run | Yrd Mat Min Sub Hostile Shots Fired 71 | . 15 36 20 Missed 18 | . 2 9 7 Hits 53 | . 13 27 13 Melee 6 | . . 6 . Projectile 47 | . 13 21 13 AOE 2 | . . . 2 Critical Strikes 1 | . . 1 . Damage Taken 1000 | . 110 507 383 Core 257 | . 24 172 61 Absorbed by Shields . | . . . . Core Remaining (%) 100 | 100 . . . Volleys Fired 32 | . 6 26 . Largest 2 | . 2 2 . Hottest 80 | . 80 80 . Shots Fired 48 | . 12 36 . Gun 36 | . 12 24 . Cannon 5 | . . 5 . Launcher 7 | . . 7 . Special . | . . . . Kinetic 5 | . . 5 . Thermal 19 | . 6 13 . Explosive 7 | . . 7 . Electromagnetic 17 | . 6 11 . Robot Hit Streak 7 | . 3 7 . Robot Miss Streak 3 | . 2 3 . Penetration Max . | . . . . Secondary Targets 1 | . 1 . . Max Gunslinging Chain 1 | . 1 . . Shots Hit Robots 39 | . 7 25 7 Core Hits 25 | . 4 19 2 Critical Kills 2 | . . . 2 Critical Parts Destroyed 1 | . . 1 . Critical Strikes 3 | . . 1 2 Destroy 1 | . . 1 . Smash 2 | . . . 2 Melee Attacks 26 | . . 6 20 Impact 26 | . . 6 20 Slashing . | . . . . Piercing . | . . . . Sneak Attacks . | . . . . Combat Hostiles . | . . . . Follow-up Attacks . | . . . . Damage Inflicted 960 | . 78 695 187 Guns 239 | . 78 161 . Cannons 48 | . . 48 . Explosions 386 | . . 386 . Melee 287 | . . 100 187 Ramming . | . . . . Kinetic 48 | . . 48 . Thermal 100 | . 23 77 . Explosive 386 | . . 386 . Electromagnetic 139 | . 55 84 . Impact 287 | . . 100 187 Slashing . | . . . . Piercing . | . . . . Highest Corruption 3 | . 3 3 3 Average Corruption 2 | . 2 3 3 Corruption Purged . | . . . . Corruption Blocked . | . . . . Effects 35 | . 2 23 10 Message Errors 9 | . 1 4 4 Matter Fused 9 | . . 6 3 Heat Flow Errors 5 | . . 4 1 Energy Discharges 1 | . . 1 . Data Loss (minor) 6 | . 1 4 1 Data Loss (major) 3 | . . 2 1 Misfires 1 | . . 1 . Alerts 1 | . . 1 . Overload Shots . | . . . . Overflow Damage 12 | . . . 12 Projectiles . | . . . . Explosions . | . . . . Melee 12 | . . . 12 Knockbacks . | . . . . Impact . | . . . . Kinetic . | . . . . Secondary . | . . . . Self-Inflicted Damage 48 | . . 48 . Shots 1 | . . 1 . Rammed . | . . . . Targets Rammed . | . . . . Kicked . | . . . . Crushed . | . . . . Highest Temperature 268 | . 72 268 242 Average Temperature 58 | . 32 59 126 Received Heat Transfer 108 | . . 24 84 Siege Activations . | . . . . Martial Activations . | . . . . Shielding Activations . | . . . . Robots Disrupted . | . . . . Combat Hostiles . | . . . . Robots Corrupted . | . . . . Combat Hostiles . | . . . . Parts Fried . | . . . . Impact Corruptions 2 | . . 1 1 Robots Melted . | . . . . Combat Hostiles . | . . . . Parts Melted . | . . . . Heat Transferred 225 | . 50 175 . Parts Sabotaged . | . . . . Parts Stolen . | . . . . Parts Stripped . | . . . . Power Chain Reactions . | . . . . Alert | -11 -10 -10 -10 ------- Run | Yrd Mat Min Sub Maximum Alert Level . | . . . . Low Security (%) 100 | 100 100 100 . Level 1 . | . . . . Level 2 . | . . . . Level 3 . | . . . . Level 4 . | . . . . Level 5 . | . . . . High Security . | . . . . Max Security . | . . . . Peak Influence 104 | . 90 104 . Initial 27 | . . 27 . Average 18 | . 40 17 . Influence Increases 321 | . 130 191 . Destroy 0b10 Robot/C 180 | . 80 100 . Destroy 0b10 Robot/NC 10 | . . 10 . Destroy Leader 40 | . 20 20 . Successful Hack 4 | . . 4 . Disable Machine 15 | . . 15 . Destroy Structure 42 | . . 42 . Lose Combat Pursuer 30 | . 30 . . Influence Decreases 321 | . 60 261 . Entered New Map 43 | . . 43 . Time Decay 268 | . 60 208 . Lost Part 10 | . . 10 . Squads Dispatched . | . . . . Investigation . | . . . . Extermination . | . . . . Reinforcement . | . . . . Assault . | . . . . Garrison . | . . . . Intercept . | . . . . Searches Triggered . | . . . . Construction Impeded . | . . . . Haulers Reinforced . | . . . . Active Scanning Responses . | . . . . Cargo Convoy Interrupts . | . . . . Stealth | -11 -10 -10 -10 --------- Run | Yrd Mat Min Sub Distress Signals . | . . . . Communications Jammed . | . . . . Distress Signals . | . . . . Times Spotted 27 | . 6 14 7 Peak Tracking Total 7 | . 3 7 5 Tactical Retreats 3 | . 1 2 . Traps | -11 -10 -10 -10 ------- Run | Yrd Mat Min Sub Traps Triggered 3 | . 3 . . Indirectly . | . . . . Trap Hack Attempts . | . . . . Triggered . | . . . . Disarmed . | . . . . Reprogrammed . | . . . . Reused . | . . . . Traps Extracted . | . . . . Installed . | . . . . Triggered . | . . . . Machines | -11 -10 -10 -10 ---------- Run | Yrd Mat Min Sub Machines Disabled 1 | . . 1 . Max in Single Turn 1 | . . 1 . Machines Repaired . | . . . . Machines Dismantled . | . . . . Machines Sabotaged . | . . . . Overloaded Fab Kills . | . . . . Hacking | -11 -10 -10 -10 --------- Run | Yrd Mat Min Sub Machines Accessed 1 | . . 1 . Terminals 1 | . . 1 . Fabricators . | . . . . Repair Stations . | . . . . Recycling Units . | . . . . Scanalyzers . | . . . . Garrison Access . | . . . . Total Hacks 3 | . . 3 . Successful 3 | . . 3 . Failed . | . . . . Catastrophic . | . . . . Database Lockouts . | . . . . Manual . | . . . . Terminals 3 | . . 3 . Fabricators . | . . . . Repair Stations . | . . . . Recycling Units . | . . . . Scanalyzers . | . . . . Garrison Access . | . . . . Terminal Hacks 3 | . . 3 . Record 2 | . . 2 . Dispatch Records 1 | . . 1 . Fabricator Hacks . | . . . . Repair Station Hacks . | . . . . Recycling Unit Hacks . | . . . . Scanalyzer . | . . . . Garrison Access Hacks . | . . . . Unauthorized Hacks . | . . . . Terminals . | . . . . Fabricators . | . . . . Repair Stations . | . . . . Recycling Units . | . . . . Scanalyzers . | . . . . Garrison Access . | . . . . Data Cores Recovered . | . . . . Used . | . . . . Hacking Detections 1 | . . 1 . Full Trace Events . | . . . . Feedback Events . | . . . . Feedback Blocked . | . . . . Robot Schematics Acquired . | . . . . Robots Built . | . . . . Authchips . | . . . . Time . | . . . . Total Robot Build Rating . | . . . . Part Schematics Acquired . | . . . . Parts Built . | . . . . Authchips . | . . . . Time . | . . . . Total Part Build Rating . | . . . . Part Studies Acquired . | . . . . Parts Repaired . | . . . . Time . | . . . . Parts Recycled . | . . . . Recycled Matter . | . . . . Retrieved Matter . | . . . . Retrieved Components . | . . . . Parts Scanalyzed . | . . . . Part Schematics Acquired . | . . . . Parts Damaged . | . . . . Bothacking | -11 -10 -10 -10 ------------ Run | Yrd Mat Min Sub Used RIF Installer . | . . . . Robots Hacked . | . . . . Non-combat . | . . . . Combat . | . . . . Robot Hacks Applied . | . . . . Relay Couplers Released . | . . . . Fabnet Peak Effective % . | . . . . Robots Rewired . | . . . . Allies Hacked . | . . . . Hacks Repelled . | . . . . Allies | -11 -10 -10 -10 -------- Run | Yrd Mat Min Sub Total Allies . | . . . . Largest Group . | . . . . Highest-Rated Group . | . . . . Highest-Rated Ally . | . . . . Total Orders . | . . . . Ally Attacks . | . . . . Total Damage . | . . . . Kills . | . . . . Allies Corrupted . | . . . . Allies Melted . | . . . . Intel | -11 -10 -10 -10 ------- Run | Yrd Mat Min Sub Active Infowar (turns) . | . . . . Robot Analysis Total . | . . . . Derelict Logs Recovered 2 | . . 2 . Drone Launches . | . . . . Drone Recoveries . | . . . . Exploration | -11 -10 -10 -10 ------------- Run | Yrd Mat Min Sub Turns Passed 2224 | 79 179 1418 548 Spaces Moved 1580 | 48 126 1045 361 Core 1 | 1 . . . Treads 502 | 35 34 236 197 Legs . | . . . . Wheels 1077 | 12 92 809 164 Hover . | . . . . Flight . | . . . . Fastest Speed 50 | 50 100 100 100 Average Speed 125 | 142 116 123 132 Slowest Speed 160 | 160 160 160 160 Overloaded Moves . | . . . . Propulsion Burnouts . | . . . . Robots Hopped . | . . . . Potential Cave-ins . | . . . . Cave-ins Triggered . | . . . . Exploration Rate (%) 33 | 3 19 99 14 Regions Visited 3 Branch Regions 2 Pre-discovered Areas 2 | . . 2 . Known Exits Taken . | . . . . Unknown Exits Taken 3 | 1 1 1 . Scrap Searched 1 | . . 1 . Spaces Dug 2 | . . . 2 Terrain Destroyed 52 | . . 50 2 Melee 2 | . . . 2 Projectile 8 | . . 8 . AOE 42 | . . 42 . Terrain Rammed . | . . . . Walls Destroyed . | . . . . Machines Disabled . | . . . . Actions | -11 -10 -10 -10 --------- Run | Yrd Mat Min Sub Total 1718 | 56 144 1122 396 Wait 30 | . 5 17 8 Move 1577 | 47 125 1044 361 Hop . | . . . . Pick Up 20 | 3 2 11 4 Fast Attach 11 | 6 4 1 . Attach 3 | . . 3 . Detach . | . . . . Swap 9 | . 1 8 . Drop 10 | . 1 6 3 Fire 32 | . 6 26 . Melee 26 | . . 6 20 Ram . | . . . . Kick . | . . . . Crush . | . . . . Escape Stasis . | . . . . Rewire . | . . . . Trap . | . . . . Miscellaneous . | . . . . Route ------- -11/Scrapyard -10/Materials -10/Mines (discovered 3 exits: [*Mat x2] / [*Sub]) -10/Subcaves History --------- Turn | Location | Event 14 | -11/Scrapyard | Discovered new exit (range 16) 80 | -11/Scrapyard | Entered Materials 220 | -10/Materials | Discovered new exit (range 5) 259 | -10/Materials | Entered Mines 284 | -10/Mines | Received a Rocket Launcher from a helpful Derelict 316 | -10/Mines | A weapon hastily lodged in a ceiling crevice suddenly fell to the ground 340 | -10/Mines | Build established: Mutant 666 | -10/Mines | Discovered new exit (range 5) 760 | -10/Mines | Discovered new exit (range 9) 792 | -10/Mines | Found DCF Scrap (12 items) 829 | -10/Mines | Discovered new exit (range 6) 1078 | -10/Mines | Assembled infested the area 1204 | -10/Mines | Core integrity fell below 50% 1312 | -10/Mines | Learned location of Storage (-8) 1313 | -10/Mines | Learned location of 1 exit from Materials 1677 | -10/Mines | Entered Subcaves 1678 | -10/Subcaves | Approached by a straggling Scientist 1751 | -10/Subcaves | Core integrity fell below 20% 1843 | -10/Subcaves | A swath of the cavern ceiling suddenly collapsed 2198 | -10/Subcaves | Ambushed by Subdweller buried in earth 2225 | -10/Subcaves | Destroyed by JU-X8K(R) with Subdweller Laser Last Messages --------------- collapses. 01856_ 4F-U0Y(u) tweaks Twisted Machinery. 01857_ HM=GUPK#R40G/YTLXPI9KI :>I555IT3E 01864_ 4F-U0Y(u) tweaks Twisted Machinery. 01874_ Subatomizers dissect the Sub. Optics. 01874_ 4F-U0Y(u) tweaks Twisted Machinery. 01885_ Subatomizers dissect the Sub. Optics. 01903_ System corrupted: Substantial component data lost. 01937_ System corrupted: Heat flow error (+282). 01977_ System corrupted: Matter fused (-10). 02017_ System corrupted: Component data lost. 02058_ System corrupted: Matter fused (-7). 02110_ 4F-U0Y(u) tweaks Twisted Machinery. 02146_ System corrupted: Matter fused (-6). 02196_ Targeting Computer destroyed. 02198_ Lgt. Ion Engine destroyed. 02199_ 53-FL3(R): "THANKSYOU!" 02222_ Lgt. Treads destroyed. Map ----- +----------------------------------------------------+ | ?????????????????????????????????????????????????? | | ?????????????????????????????????????????????????? | | ?????????????????????????????????????????????????? | | ?????????????????????????????????????????????????? | | ?????????????????????????????????????????????????? | | ?????????????????????????????????????????????????? | | ?????????????????????????????????????????????????? | | ?????????????????????????????????????????????????? | | ?????????????????????????????????????????????????? | | ?????????????????????????????????????????????????? | | ?????????????????????????????????????????????????? | | ?????????????????????????????????????????????????? | | ?????????????????????????????????????????????????? | | ?????????????????????????????????????????????????? | | ?????????????????????????????????????????????????? | | ?????????????????????????????????????????????????? | | ?????????????????????????????????????????????????? | | ?????????????????????????????????????????????????? | | ?????????????????????????????????????????????????? | | ???????????????????????????????????????????? ?? ?? | | ???????????????????????????????????????????? ?? ? | | ???????????????????????????????????????????? ?? ? | | ??????????????????????????????###??????????? ## #? | | ???????????????????????##?##### #??????????? ## | | ???????????????# # ## # ## " ##?????????? # | | ??????????# R @ " ###???????? | | ??????????????# # #" ## "#???????? | | ??????????????????????###?# "#???????## | | ??????????????????????????# ##R""##???????#"" | | ??????????????????????????##### "#????????#" " | | ?????????????????????????????## ##???###?#" "" | | ????????????????????????????## " #???#"###" " | | ???????????????????????????## " ###?#" ## "# | | ???????????????????????????# ###" "" "# | | ??????????????????????????# " | | ?????????????????????? # | | ????????????????????? ### #"" """"### | | ?????????????????????# # # #######?######""" ##?? | | ???????????????????????#?##?????????????#######??? | | ?????????????????????????????????????????????????? | | ?????????????????????????????????????????????????? | | ?????????????????????????????????????????????????? | | ?????????????????????????????????????????????????? | | ?????????????????????????????????????????????????? | | ?????????????????????????????????????????????????? | | ?????????????????????????????????????????????????? | | ?????????????????????????????????????????????????? | | ?????????????????????????????????????????????????? | | ?????????????????????????????????????????????????? | | ?????????????????????????????????????????????????? | +----------------------------------------------------+ Best States ------------- Heat Dissipation 25 Energy Generation 10 Energy Capacity 125 Matter Stores 300 Matter Capacity 300 Sight Range 16 Terrain Scan Density 10 Evasion (%) 40 Targeting Accuracy 5 Recoil Reduction 1 Item Schematics ----------------- None Robot Schematics ------------------ None Fabricated ------------ Nothing Repaired ---------- Nothing Studied --------- None Alien Tech Used ----------------- None Achievements -------------- None Challenges ------------ None Game ------ Seed DisruptorAccelerationCore Manual? 0 Play Time 00:18:00 Cumulative 61.5 hours Start 2026.07.05 @ 16:18:43 End 2026.07.05 @ 16:40:09 Sessions 1 Manual Loads 0 Difficulty Rogue Special Mode None Game No. 39 Rogue 39 Adventurer 0 Explorer 0 Win Type - Total 0 Types 0/0/0/0/0/0/0/0/0/0 Lore% 43 Gallery% 33 Achievement% 29 Wizard Run 0 Options --------- Layout 2 ASCII 0 Keyboard 0 Movement Mouse Keybinds 0 Fullscreen 1 Font 24/Smallcaps Map View 50x44 Zoom Use 0% Tactical HUD 1 Map Filters NONE Filters NONE Steam 1 RUN: 14cdefd0-a0e8-4fea-bec1-36c4bc75beb2